 Seeded DCSS version 0.30-a0-1016-gfb0d676c02 (webtiles) character file.

Game seed: 14080597689618016214 (custom seed)

15183 GigaChad the Cleaver (level 12, -11/95 HPs)
             Began as a Formicid Fighter on Apr 6, 2023.
             Was an Initiate of Gozag.
             Mangled by a two-headed ogre
             ... wielding a +0 giant spiked club
              (14 damage)
             ... on level 12 of the Dungeon.
             The game lasted 00:17:40 (11591 turns).

GigaChad the Cleaver (Formicid Fighter)            Turns: 11591, Time: 00:17:40

Health: -11/95     AC: 11    Str: 31    XL:     12   Next: 54%
Magic:  3/3        EV:  8    Int:  5    God:    Gozag
Gold:   3053       SH: 27    Dex: 16    Spells: 11/11 levels left

rFire   . . .      SeeInvis +    D - +3 executioner's axe "Coydereq" {venom, rElec rN+}
rCold   . . .      Faith    .    g - +10 tower shield of Ignorance {rN+ Int-4}
rNeg    + + .      Spirit   .    F - +0 swamp dragon scales
rPois   +          Reflect  .    (helmet unavailable)
rElec   +          Rampage  .    B - +0 cloak
rCorr   +                        (no gloves)
Will    +....                    (no boots)
Stlth   ++                       (no amulet)
HPRegen 0.35/turn                s - +6 ring of strength
MPRegen 0.08/turn                r - ring "Ongisayva" {rCorr MP-9 Dex+3 Stlth+}

@: gold aura, attractive
A: permanent stasis, dig shafts and tunnels, antennae 3, four strong arms
a: Dig, Shaft Self, Renounce Religion, Potion Petition, Call Merchant, Bribe
Branch


You were on level 12 of the Dungeon.
You worshipped Gozag.
Gozag was most pleased with you.
You visited 2 branches of the dungeon, and saw 13 of its levels.

You collected 3221 gold pieces.
You paid 168 gold pieces to Gozag.

Inventory:

Hand Weapons
 a - a +0 war axe of electrocution
 D - the +3 executioner's axe "Coydereq" (weapon) {venom, rElec rN+}
   (You acquired it on level 6 of the Dungeon)

   rElec:     It insulates you from electricity.
   rN:        It protects you from negative energy.
Missiles
 x - 2 throwing nets
Armour
 b - a +0 scale mail
 c - a +0 buckler
 g - the +10 tower shield of Ignorance (worn) {rN+ Int-4}
   (You acquired it on level 8 of the Dungeon)

   Int:       It affects your intelligence (-4).
   rN:        It protects you from negative energy.
 n - a +0 chain mail
 B - a +0 cloak (worn)
 E - a +0 plate armour
 F - +0 swamp dragon scales (worn)
 J - a +0 kite shield
Jewellery
 h - a +4 ring of protection
 r - the ring "Ongisayva" (right hand) {rCorr MP-9 Dex+3 Stlth+}
   (You acquired it on level 2 of the Dungeon)

   [ring of resist corrosion]

   Dex:       It affects your dexterity (+3).
   MP:        It affects your magic capacity (-9).
   rCorr:     It protects you from acid and corrosion.
   Stlth:     It makes you more stealthy.
 s - a +6 ring of strength (left hand)
 y - a ring of magical power
 C - an amulet of faith
 G - a ring of wizardry
Wands
 K - a wand of paralysis (5)
 L - a wand of polymorph (7)
 M - a wand of iceblast (2)
 O - a wand of digging (4)
Scrolls
 e - 11 scrolls of teleportation
 f - 8 scrolls of fog
 m - 3 scrolls of vulnerability {unknown}
 o - 3 scrolls of poison
 p - a scroll of summoning
 q - 5 scrolls of immolation
 v - 3 scrolls of noise
 z - a scroll of blinking {unknown}
 I - a scroll of enchant weapon {unknown}
 N - 2 scrolls of fear {unknown}
 P - 3 scrolls of identify
 S - a scroll of brand weapon
 T - a scroll of magic mapping {unknown}
Potions
 d - 3 potions of might
 i - 2 potions of flight {unknown}
 j - 10 potions of curing
 k - 7 potions of brilliance
 l - 4 potions of attraction
 t - a potion of ambrosia {unknown}
 u - 4 potions of heal wounds {unknown}
 w - 2 potions of lignification {unknown}
 A - 3 potions of mutation {unknown}
 H - a potion of resistance
 Q - a potion of degeneration {unknown}
 R - 2 potions of magic {unknown}


   Skills:
 + Level 9.3 Fighting
 + Level 14.2 Axes
 + Level 8.9 Armour
 + Level 11.3 Shields


You had 11 spell levels left.
You didn't know any spells.
Your spell library contained the following spells:

 Spells                   Type           Power      Damage    Failure   Level
 Slow                     Hex            0%         N/A       95%         1
 Sting                    Tmut/Pois      0%         1d3       95%         1
 Lesser Beckoning         Tloc           0%         N/A       98%         2
 Poisonous Vapours        Pois/Air       0%         N/A       98%         2
 Confusing Touch          Hex            0%         N/A       100%        3
 Gell's Gravitas          Tloc           0%         N/A       100%        3
 Teleport Other           Tloc           0%         N/A       100%        3
 Vampiric Draining        Necr           0%         2d6       100%        3
 Anguish                  Hex/Necr       0%         N/A       100%        4
 Olgreb's Toxic Radiance  Pois           0%         N/A       100%        4
 Passage of Golubria      Tloc           0%         N/A       100%        4
 Silence                  Hex/Air        0%         N/A       100%        5
 Enfeeble                 Hex            0%         N/A       100%        7
 Lehudib's Crystal Spear  Conj/Erth      0%         10d2      100%        8


Dungeon Overview and Level Annotations

Branches:
Dungeon (12/15)            Temple (1/1) D:6            Lair (0/5) D:10
    Orc (0/2) D:11

Altars:
Ashenzari
Cheibriados
Elyvilon
Fedhas
Gozag
Okawaru
Ru
Sif Muna
Trog
Uskayaw
Vehumet
Wu Jian
Xom
Yredelemnul
Zin

Shops:
D:6 [:*   D:9 =   D:11 [

Annotations:
D:9 1 runed translucent door, Triskal's ghost, novice TrGl


Innate Abilities, Weirdness & Mutations

You cannot be hasted, slowed, berserked, paralysed or teleported.
You can dig through walls and to a lower floor.
You have a pair of large antennae on your head. (SInv)
Your four strong arms can wield two-handed weapons with a shield.


Message History

The vampire mosquito bites you.
* * * LOW HITPOINT WARNING * * *
The cyclops barely misses you.
The vampire mosquito buzzes angrily.
You are too injured to fight recklessly!
You are too injured to fight recklessly!
Unknown command.
You are too injured to fight recklessly!
Unknown command.
You slice the yak!!
You kill the yak!
You barely miss the vampire mosquito. You slice the vampire mosquito!!
You destroy the vampire mosquito!
You barely miss the cyclops. You slash the vampire mosquito!
You kill the cyclops!
You block the vampire mosquito's attack.
The vampire mosquito is distracted by your dazzling golden aura. x2
The vampire mosquito closely misses you.
The vampire mosquito bites you but does no damage.
You block the two-headed ogre's attack.
The two-headed ogre hits you with a +0 giant club!
* * * LOW HITPOINT WARNING * * *
The vampire mosquito buzzes angrily. x2
You slash the two-headed ogre!
The two-headed ogre is poisoned.
The two-headed ogre is moderately wounded.
You slice the vampire mosquito!! You closely miss the vampire mosquito.
The vampire mosquito is no longer distracted by gold.
You slice the vampire mosquito!!
You destroy the vampire mosquito!
You block the vampire mosquito's attack. x2
The centaur warrior wields a +0 longbow.
The centaur warrior shoots an arrow.
The arrow hits you!
* * * LOW HITPOINT WARNING * * *
The vampire mosquito is distracted by your dazzling golden aura.
You block the vampire mosquito's attack.
The centaur warrior is distracted by your dazzling golden aura.
You block the two-headed ogre's attack.
The two-headed ogre hits you with a +0 giant club!
You die...
Your body crumbles into a pile of gold.

## #.#...... #.#.###.#
#...# #.. ###.###.#
#.....# ###.###
########################
....(.y$................
.....c$@....^...........
......yO$.........).....
........................
...#####################
.# { {


You could see a centaur warrior (unaware), a two-headed ogre (very poisoned) and
2 vampire mosquitoes.

Vanquished Creatures
  A boulder beetle (D:11)
  A two-headed ogre (D:10)
  Pikel (D:5)
  A deep elf pyromancer (D:12)
  2 ugly things
  2 cyclopes (D:12)
  2 manticores
  Maurice (D:9)
  3 unseen horrors
  Maggie (D:7)
  A kobold demonologist (D:12)
  A troll (D:11)
  A hornet (D:9)
  Grinder (D:5)
  A vampire (D:11)
  Sigmund (D:2)
  2 shadows (D:11)
  12 yaks
  A wraith (D:12)
  A steam dragon (D:8)
  Grum (D:8)
  6 vampire mosquitoes
  2 acid dragons
  Edmund (D:5)
  2 water moccasins (D:10)
  6 orc warriors
  3 black bears
  2 ice beasts
  4 ogres
  3 wolves (D:8)
  5 centaurs
  A lemure (D:5)
  5 kobold brigands
  A phantom (D:6)
  9 bullfrogs
  A gnoll sergeant (D:8)
  4 scorpions
  5 wights (D:10)
  3 killer bees (D:9)
  3 howler monkeys
  6 hounds
  A jelly (D:8)
  8 orc priests
  4 iguanas
  3 sleepcaps
  Ijyb (D:3)
  3 orc wizards
  7 gnolls
  6 adders
  2 white imps
  An ufetubus (D:6)
  3 worms
  7 dart slugs
  38 orcs
  4 endoplasms
  3 giant cockroaches
  4 hobgoblins (D:2)
  9 jackals
  8 quokkas
  14 ball pythons
  2 bats (D:2)
  4 frilled lizards
  10 goblins
  35 kobolds
  8 rats
  A spectral orc (D:6)
296 creatures vanquished.

Vanquished Creatures (others)
  20 fungi (D:10)
  19 plants (D:10)
39 creatures vanquished.

Grand Total: 335 creatures vanquished

Notes
Turn   | Place    | Note
-------+----------+-------------------------------------------
     0 | D:1      | GigaChad the Formicid Fighter began the quest for the Orb.
     0 | D:1      | Reached XP level 1. HP: 18/18 MP: 1/1
   145 | D:1      | Reached XP level 2. HP: 24/24 MP: 2/2
   549 | D:1      | Reached XP level 3. HP: 24/30 MP: 3/3
   630 | D:1      | Identified a scroll of acquirement
   630 | D:1      | Acquired 872 gold pieces
   842 | D:2      | Noticed Sigmund
   847 | D:2      | Killed Sigmund
   848 | D:2      | Reached skill level 4 in Axes
   848 | D:2      | Reached XP level 4. HP: 32/37 MP: 4/4
   848 | D:2      | Reached XP level 5. HP: 37/42 MP: 5/5
   857 | D:2      | Reached XP level 6. HP: 44/49 MP: 6/6
  1288 | D:2      | Acquired the ring "Ongisayva" {rCorr MP-9 Dex+3 Stlth+}
  2059 | D:3      | Noticed Ijyb
  2080 | D:3      | Killed Ijyb
  2081 | D:3      | Reached skill level 5 in Axes
  2181 | D:3      | Found a faded altar of an unknown god.
  2479 | D:4      | Noticed an ogre
  2487 | D:4      | Killed an ogre
  2488 | D:4      | Reached XP level 7. HP: 28/55 MP: 0/7
  2695 | D:4      | Found an iron altar of Okawaru.
  2932 | D:4      | Found a snail-covered altar of Cheibriados.
  3117 | D:4      | Reached skill level 5 in Shields
  3122 | D:4      | Reached skill level 6 in Axes
  3122 | D:4      | Reached skill level 5 in Armour
  3227 | D:4      | Reached skill level 5 in Fighting
  3239 | D:4      | Reached XP level 8. HP: 62/62 MP: 0/8
  3391 | D:5      | Entered Level 5 of the Dungeon
  3507 | D:5      | Noticed Grinder
  3518 | D:5      | Killed Grinder
  3519 | D:5      | Reached skill level 7 in Axes
  3588 | D:5      | Noticed Pikel
  3605 | D:5      | Killed Pikel
  3606 | D:5      | Reached skill level 8 in Axes
  3606 | D:5      | Reached XP level 9. HP: 41/69 MP: 0/9
  3899 | D:5      | Noticed Edmund
  3911 | D:5      | Killed Edmund
  4520 | D:6      | Found Deogor's General Store.
  4794 | D:6      | Found a staircase to the Ecumenical Temple.
  4813 | D:6      | Acquired the +3 executioner's axe "Coydereq" {venom, rElec
                  | rN+}
  4828 | Temple   | Entered the Ecumenical Temple
  4955 | Temple   | Became a worshipper of Gozag Ym Sagoz the Greedy
  5202 | D:6      | Reached skill level 9 in Axes
  5274 | D:6      | Found Gaharuf's Book Shop.
  5310 | D:6      | Found Sachiv's Armour Shop.
  5527 | D:6      | Found a basalt altar of Yredelemnul.
  5731 | D:7      | Reached XP level 10. HP: 38/77 MP: 1/10
  6090 | D:7      | Found an ornate altar of the Wu Jian Council.
  6173 | D:7      | Noticed Maggie
  6182 | D:7      | Killed Maggie
  6423 | D:7      | Reached skill level 10 in Axes
  7043 | D:8      | Noticed Grum
  7054 | D:8      | Killed Grum
  7245 | D:8      | Found a sacrificial altar of Ru.
  7559 | D:8      | Acquired the +10 tower shield of Ignorance {rN+ Int-4}
  7559 | D:8      | Found the +10 tower shield of Ignorance {rN+ Int-4}
  7587 | D:8      | Found a broken altar of Ashenzari.
  7740 | D:8      | Reached skill level 11 in Axes
  8024 | D:8      | Reached XP level 11. HP: 55/86 MP: 2/11
  8391 | D:9      | Found a runed translucent door.
  8391 | D:9      | Noticed Triskal's ghost (novice TrGl)
  8506 | D:9      | Found Bunaqun's Jewellery Shoppe.
  8542 | D:9      | Reached skill level 12 in Axes
  9004 | D:9      | Noticed Maurice
  9011 | D:9      | Killed Maurice
  9061 | D:9      | Found a hide-covered altar of Uskayaw.
  9313 | D:10     | Entered Level 10 of the Dungeon
  9549 | D:10     | Found a white marble altar of Elyvilon.
  9742 | D:10     | Found a staircase to the Lair.
  9831 | D:10     | Noticed a manticore
  9837 | D:10     | Killed a manticore
 10056 | D:10     | Noticed a two-headed ogre
 10067 | D:10     | Killed a two-headed ogre
 10068 | D:10     | Reached skill level 13 in Axes
 10068 | D:10     | Reached skill level 10 in Shields
 10329 | D:11     | Found Nameulu's Armour Shop.
 10329 | D:11     | Found a staircase to the Orcish Mines.
 10424 | D:11     | Noticed a green ugly thing
 10432 | D:11     | Killed a green ugly thing
 10433 | D:11     | Reached XP level 12. HP: 87/94 MP: 3/12
 10648 | D:11     | Noticed a boulder beetle
 10658 | D:11     | Killed a boulder beetle
 11117 | D:12     | Reached skill level 14 in Axes
 11474 | D:12     | Found a frozen archway.
 11581 | D:12     | Noticed a centaur warrior
 11582 | D:12     | Noticed a two-headed ogre
 11591 | D:12     | HP: 3/95 [centaur warrior/arrow (13)]
 11591 | D:12     | Mangled by a two-headed ogre

Illustrated notes

Levels and vault maps discovered:
D:1:      lemuel_arrival_rhombus, layout_basic
D:2:      layout_loops_ring, uniq_sigmund
D:3:      kennysheep_the_goblin_king, layout_basic,
          dreamdust_ecumenical_altar_angels_and_demons, corner_web_ring
D:4:      layout_loops_cross, okawaru_trees_2, overflow_temple_1_default,
          minmay_divided_ellipse
D:5:      layout_loops_cross, grunt_tough_drop, uniq_ijyb, uniq_edmund,
          uniq_pikel, uniq_grinder
D:6:      layout_loops_corners, yredelemnul_forgotten_temple_becter,
          minmay_temple_entry_tees, serial_shops, nicolae_shop_behind_doors,
          nicolae_take_the_stairs, nicolae_shop_waterfront, minivault_23
D:7:      layout_basic, nzn_wu_jian_contemplation, amcnicky_mini_pool_small,
          uniq_maggie
D:8:      layout_basic, amcnicky_altar_gilded, lemuel_tele_altar, uniq_grum
D:9:      layout_basic, nicolae_uskayaw_dance_studio, ebering_ghost_inner_flame,
          serial_shops, nicolae_shop_trees, uniq_maurice
D:10:     layout_stronghold, mainiacjoe_overflow_swirl,
          due_lair_maze_entry_diamond
D:11:     layout_rooms, orc_david_3
D:12:     minmay_nested_s, layout_loops_ring, portal_ice_cave_entry_pillars_1
Temple:   nicolae_temple_figure_eight

Skill      XL: |  1  2  3  4  5  6  7  8  9 10 11 12 |
---------------+-------------------------------------+-----
Fighting       | 4 5 6 7 8 9 |  9.3
Axes           | 4 5 6 8 9 11 13 14 | 14.2
Armour         | 4 5 6 7 8 |  8.9
Shields        | 5 6 7 10 11 | 11.3

Action                     |  1- 3 |  4- 6 |  7- 9 | 10-12 || total
---------------------------+-------+-------+-------+-------++-------
  Melee: War axe           |    51 |   147 |   174 |       ||   372
         Executioner's axe |       |       |    27 |   308 ||   335
  Evoke: Wand              |       |       |       |     5 ||     5
    Use: Scroll            |     1 |     2 |     3 |     7 ||    13
         Potion            |       |       |       |     1 ||     1
   Stab: Distracted        |       |       |       |     3 ||     3
         Sleeping          |       |       |       |     1 ||     1
 Armour: Scale mail        |    23 |    12 |       |       ||    35
         Chain mail        |       |    88 |    97 |       ||   185
         Plate armour      |       |       |     2 |     2 ||     4
         Swamp dragon scal |       |       |       |    88 ||    88
  Dodge: Dodged            |    25 |    72 |    90 |    81 ||   268
  Block: Buckler           |    18 |    44 |    52 |    15 ||   129
         Tower shield      |       |       |       |   402 ||   402
         Kite shield       |       |       |       |     6 ||     6

Table legend: (Time is in decaauts)
 A = Elapsed time spent in this place.
 B = Non-inter-level travel time spent in this place.
 C = Inter-level travel time spent in this place.
 D = Time resting spent in this place.
 E = Time spent auto-exploring this place.
 F = Levels seen in this place.
 G = Mean time per level.
                   A        B        C        D        E       F      G
               +--------+--------+--------+--------+--------+-----+--------+
         Total |  11845 |  11539 |    306 |    931 |   8266 |  13 |  911.2 |
       Dungeon |  11689 |  11413 |    276 |    931 |   8145 |  12 |  974.1 |
        Temple |    155 |    125 |     30 |      0 |    121 |   1 |  155.0 |
               +--------+--------+--------+--------+--------+-----+--------+

Top non-repeatable levels by time:
     D:8: 1422 daAuts
     D:7: 1353 daAuts
     D:5: 1137 daAuts
    D:10: 1051 daAuts
     D:9: 1024 daAuts
     D:4: 974 daAuts
     D:6: 933 daAuts
     D:1: 862 daAuts
     D:2: 837 daAuts
     D:3: 796 daAuts
    D:12: 712 daAuts
    D:11: 584 daAuts
  Temple: 155 daAuts
